 Dungeon Crawl Stone Soup version 0.29.1-1-gd02db6906a (webtiles) character file.

Game seed: 2045666278633889522

347 juncz the Chiller (level 6, -2/44 HPs)
             Began as a Gnoll Ice Elementalist on Sept 27, 2022.
             Was an Initiate of Ashenzari.
             Slain by a gnoll
             ... wielding a +1 spear of flaming
             ... led by a gnoll sergeant
              (3 damage)
             ... on level 5 of the Dungeon.
             The game lasted 00:06:28 (4860 turns).

juncz the Chiller (Gnoll Ice Elementalist)          Turns: 4860, Time: 00:06:29

Health: -2/44      AC:  3    Str:  8    XL:     6   Next: 59%
Magic:  17/23      EV: 13    Int: 16    God:    Ashenzari [......]
Gold:   253        SH:  0    Dex: 12    Spells: 8/15 levels left

rFire   . . .      SeeInvis .   p - +2 dagger (venom)
rCold   . . .      Faith    .   (no shield)
rNeg    . . .      Spirit   .   a - +0 robe
rPois   .          Reflect  .   (no helmet)
rElec   .          Harm     .   n - +0 cloak
rCorr   .          Rampage  .   (no gloves)
Will    .....                   (no boots)
Stlth   +++.......              (no amulet)
HPRegen 0.14/turn               y - ring of magical power
MPRegen 0.18/turn               (no ring)

@: freezing walls
A: fangs 1, strong nose, distributed training
a: Renounce Religion


You were on level 5 of the Dungeon.
You worshipped Ashenzari.
Ashenzari was noncommittal.
You visited 2 branches of the dungeon, and saw 6 of its levels.

You collected 253 gold pieces.

Inventory:

Hand Weapons
 d - a +0 dagger
 p - a +2 dagger of venom (weapon)
Armour
 a - a +0 robe (worn)
 n - a +0 cloak (worn)
Jewellery
 y - a ring of magical power (left hand)
Wands
 t - a wand of digging (1)
Scrolls
 c - 5 scrolls of identify {unknown}
 e - 2 scrolls of summoning {unknown}
 f - 2 scrolls of blinking {unknown}
 g - 2 scrolls of amnesia {unknown}
 h - 3 scrolls of enchant armour {unknown}
 i - 2 scrolls of vulnerability {unknown}
 j - a scroll of enchant weapon {unknown}
 l - a scroll of noise {unknown}
 m - a scroll of immolation {unknown}
 q - a scroll of poison {unknown}
 v - 2 scrolls of teleportation {unknown}
 x - a scroll of brand weapon {unknown}
Potions
 b - a potion of magic
 k - 5 potions of heal wounds {unknown}
 o - a potion of resistance {unknown}
 r - 3 potions of curing {unknown}
 s - a potion of degeneration {unknown}
 u - 2 potions of lignification {unknown}
 w - a potion of attraction {unknown}


   Skills:
 + Level 2.1 Fighting
 + Level 2.1 Short Blades
 + Level 2.1 Long Blades
 + Level 2.1 Axes
 + Level 2.1 Maces & Flails
 + Level 2.1 Polearms
 + Level 2.1 Staves
 + Level 2.1 Ranged Weapons
 + Level 2.1 Throwing
 + Level 2.1 Armour
 + Level 5.0 Dodging
 + Level 4.7 Stealth
 + Level 2.1 Shields
 + Level 2.1 Unarmed Combat
 + Level 5.4 Spellcasting
 + Level 1.6 Conjurations
 + Level 1.6 Hexes
 + Level 1.6 Summonings
 + Level 1.6 Necromancy
 + Level 1.6 Translocations
 + Level 1.6 Transmutations
 + Level 1.6 Fire Magic
 + Level 7.3 Ice Magic
 + Level 1.6 Air Magic
 + Level 1.6 Earth Magic
 + Level 1.6 Poison Magic
 + Level 2.3 Invocations
 + Level 2.1 Evocations


You had 8 spell levels left.
You knew the following spells:

 Your Spells              Type           Power      Damage    Failure   Level
a - Freeze                Ice            100%       1d11      1%          1
b - Frozen Ramparts       Ice            54%        1d9       2%          3
c - Ozocubu's Armour      Ice            27%        N/A       2%          3

Your spell library contained the following spells:

 Spells                   Type           Power      Damage    Failure   Level
 Hailstorm                Conj/Ice       18%        3d6       22%         4


Dungeon Overview and Level Annotations

Branches:
Dungeon (5/15)             Temple (1/1) D:5

Altars:
Ashenzari
Cheibriados
Dithmenos
Elyvilon
Fedhas
Gozag
Hepliaklqana
Makhleb
Nemelex Xobeh
Okawaru
Qazlal
Ru
Sif Muna
Trog
Uskayaw
Vehumet
Wu Jian
Xom
Zin
The Shining One


Innate Abilities, Weirdness & Mutations

You have very sharp teeth.
Your uncanny sense of smell can sniff out nearby items.
Your experience applies equally to all skills.


Message History

Aim: a gnoll, wielding a +0 club (severely wounded)
You freeze the gnoll.
You kill the gnoll!
The gnoll shouts! x2
The wall freezes the gnoll!
The gnoll sergeant hits you from afar with a +0 trident!
The wall freezes the gnoll.
You kill the gnoll!
The gnoll sergeant hits you from afar with a +0 trident.
Casting: Freeze (safe; 1% risk of failure)
Confirm with . or Enter, or press ? or * to list all spells.
You can't see any susceptible monsters within range! (Use Z to cast anyway.)
The gnoll sergeant barely misses you.
The wall freezes the gnoll.
Your frozen ramparts will break if you move.
Continue? [Y]es or [N]o only, please.
Your frozen ramparts will break if you move.
Continue?
The frozen ramparts melt away as you move.
The gnoll closely misses you.
The gnoll sergeant hits you from afar with a +0 trident!
Casting: Freeze (safe; 1% risk of failure)
Confirm with . or Enter, or press ? or * to list all spells.
Casting: Frozen Ramparts (dangerous; 2% risk of failure)
Press: ? - help, Dir - look around, f - activate The walls around you are covered in ice.
The wall freezes the gnoll. x2; The wall freezes the gnoll sergeant.
The gnoll sergeant hits you from afar with a +0 trident!
* * * LOW HITPOINT WARNING * * *
The wall freezes the gnoll.
Casting: Frozen Ramparts (dangerous; 2% risk of failure)
Confirm with . or Enter, or press ? or * to list all spells.
Aiming: Freeze (safe; 1% risk of failure)
Press: ? - help, Shift-Dir - straight line, f - gnoll
Aim: a gnoll, wielding a +1 spear of flaming (moderately wounded)
You freeze the gnoll.
The gnoll is heavily wounded.
The wall freezes the gnoll!
The gnoll hits you with a +1 spear of flaming.
* * * LOW HITPOINT WARNING * * *
The gnoll burns you.
You die...

#..##..#########
##.........####..........
............. #..#.....##
............ #..#....#..
........... #...#..#...
.......... ##...###...
......g.. #....###..
#.....gg## #....#..#.
#g@### #...#....#
##....#####.##.....#
##..##....##.........
##..##...#....#####...
#####..###....###....##..#
#.......##.....#####....##
#.#...#.##..<..## ##....#
..##..#.#..###.....#
##....#
......)>)..###.....#
#...#..


You could see a gnoll sergeant and 3 gnolls.

Vanquished Creatures
  A scorpion (D:4)
  A hound (D:5)
  Ijyb (D:4)
  3 orc wizards
  2 adders (D:3)
  5 gnolls
  A dart slug (D:2)
  11 orcs
  6 ball pythons
  A bat (D:1)
  6 endoplasms
  2 giant cockroaches
  3 goblins (D:3)
  8 hobgoblins
  10 jackals
  6 kobolds
  4 quokkas
  2 frilled lizards
  5 rats
78 creatures vanquished.

Notes
Turn   | Place    | Note
-------+----------+-------------------------------------------
     0 | D:1      | juncz the Gnoll Ice Elementalist began the quest for the
                  | Orb.
     0 | D:1      | Reached XP level 1. HP: 13/13 MP: 6/6
   476 | D:1      | Reached XP level 2. HP: 19/19 MP: 5/7
  1309 | D:2      | Reached skill level 5 in Spellcasting
  1309 | D:2      | Reached XP level 3. HP: 24/25 MP: 3/9
  1578 | D:2      | Found an ornate altar of the Wu Jian Council.
  1733 | D:2      | You fall into a shaft and drop 1 floor!
  1752 | D:3      | Reached skill level 1 in Invocations
  1822 | D:3      | Learned a level 3 spell: Frozen Ramparts
  1826 | D:3      | Learned a level 3 spell: Ozocubu's Armour
  1880 | D:3      | Reached skill level 1 in Fighting
  1880 | D:3      | Reached skill level 1 in Short Blades
  1880 | D:3      | Reached skill level 1 in Long Blades
  1880 | D:3      | Reached skill level 1 in Axes
  1880 | D:3      | Reached skill level 1 in Maces & Flails
  1880 | D:3      | Reached skill level 1 in Polearms
  1880 | D:3      | Reached skill level 1 in Staves
  1880 | D:3      | Reached skill level 1 in Ranged Weapons
  1880 | D:3      | Reached skill level 1 in Throwing
  1880 | D:3      | Reached skill level 1 in Armour
  1880 | D:3      | Reached skill level 1 in Shields
  1880 | D:3      | Reached skill level 1 in Unarmed Combat
  1880 | D:3      | Reached skill level 1 in Evocations
  2010 | D:3      | Reached XP level 4. HP: 26/32 MP: 4/11
  2012 | D:3      | Reached skill level 1 in Conjurations
  2012 | D:3      | Reached skill level 1 in Hexes
  2012 | D:3      | Reached skill level 1 in Summonings
  2012 | D:3      | Reached skill level 1 in Necromancy
  2012 | D:3      | Reached skill level 1 in Translocations
  2012 | D:3      | Reached skill level 1 in Transmutations
  2012 | D:3      | Reached skill level 1 in Fire Magic
  2012 | D:3      | Reached skill level 1 in Air Magic
  2012 | D:3      | Reached skill level 1 in Earth Magic
  2012 | D:3      | Reached skill level 1 in Poison Magic
  2458 | D:2      | Reached XP level 5. HP: 33/37 MP: 5/12
  2822 | D:2      | Found a faded altar of an unknown god.
  3248 | D:3      | Found the +1 Delatra's gloves {ID++}
  3590 | D:4      | Noticed Ijyb
  3600 | D:4      | Killed Ijyb
  4052 | D:4      | Reached skill level 5 in Dodging
  4052 | D:4      | Reached XP level 6. HP: 44/44 MP: 9/14
  4166 | D:5      | Entered Level 5 of the Dungeon
  4411 | D:5      | Found a staircase to the Ecumenical Temple.
  4420 | Temple   | Entered the Ecumenical Temple
  4727 | Temple   | Became a worshipper of Ashenzari the Shackled
  4860 | D:5      | HP: 1/44 [gnoll/+1 spear of flaming[a gnoll sergeant] (6)]
  4860 | D:5      | Slain by a gnoll

Illustrated notes

Levels and vault maps discovered:
D:1:      ncdulo_wetmaze, layout_loops_ring, kennysheep_another_room,
          minmay_liquid_box
D:2:      layout_basic, basic_altar, shapermc_ecumenical_altar_petra,
          grunt_ministairs_8, chequers_serial_rivers_small_b
D:3:      layout_loops_ring, pf_guarded_unrand_delatra
D:4:      layout_layer_cave, uniq_ijyb
D:5:      layout_cave_pods, minmay_temple_entry_crystal_x, minivault_5,
          minmay_misc_feat_chi
Temple:   mainiacjoe_temple_cubbyholes

Skill      XL: |  1  2  3  4  5  6 |
---------------+-------------------+-----
Spellcasting   | 5 |  5.4
Invocations    | 1 2 |  2.3
Fighting       | 1 2 |  2.1
Short Blades   | 1 2 |  2.1
Long Blades    | 1 2 |  2.1
Axes           | 1 2 |  2.1
Maces & Flails | 1 2 |  2.1
Polearms       | 1 2 |  2.1
Staves         | 1 2 |  2.1
Ranged Weapons | 1 2 |  2.1
Throwing       | 1 2 |  2.1
Armour         | 1 2 |  2.1
Shields        | 1 2 |  2.1
Unarmed Combat | 1 2 |  2.1
Evocations     | 1 2 |  2.1
Conjurations   | 1 |  1.6
Hexes          | 1 |  1.6
Summonings     | 1 |  1.6
Necromancy     | 1 |  1.6
Translocations | 1 |  1.6
Transmutations | 1 |  1.6
Fire Magic     | 1 |  1.6
Air Magic      | 1 |  1.6
Earth Magic    | 1 |  1.6
Poison Magic   | 1 |  1.6
Dodging        | 5 |  5.0
Stealth        | |  4.7
Ice Magic      | |  7.3

Action                   |  1- 3 |  4- 6 || total
-------------------------+-------+-------++-------
Melee: Dagger            |    16 |    12 ||    28
       Bite              |     1 |       ||     1
       Punch             |       |     1 ||     1
 Cast: Freeze            |    43 |    40 ||    83
       Frozen Ramparts   |     2 |     8 ||    10
       Ozocubu's Armour  |       |     2 ||     2
 Stab: Sleeping          |     3 |     4 ||     7
       Distracted        |       |     1 ||     1
Armor: Robe              |     7 |    13 ||    20
Dodge: Dodged            |    26 |    28 ||    54
